Map: Cyber Forest LE

Players

Erik

  • Race: Zerg Zerg
  • Spawn Location: 5:00

Clem - Winner!

  • Race: Terran Terran
  • Spawn Location: 11:00

Event: 2019 WCS Summer

VOD

Have the link to the VOD?

Description

Time

  • Played on: July 12, 2019, 2:52 p.m.
  • Length: 19:05

All games in this series

Show
View Real Time Build Order
Export as new Build Order

Erik Zerg 

Build Orders: Pool First, Brood Lord Corruptor, Muta Ling Bane 

Get SALT Encoding   

  12  0:01  Drone  
  13  0:08  Drone  
  14  0:14  Extractor  
  14  0:15  Drone  
  15  0:22  Overlord  
  15  0:37  Spawning Pool  
  15  0:40  Drone  
  15  0:44  Drone  
  15  0:48  Drone  
  17  1:09  Hatchery  
  16  1:12  Drone  
  16  1:14  Extractor  
  16  1:23  Queen  
  18  1:26  Drone  
  18  1:30  Zergling x2  
  20  1:33  Zergling x2  
  20  1:39  Overlord  
  21  1:48  Drone  
  22  1:59  Drone  
  23  2:05  Queen  
  25  2:10  Drone  
  25  2:15  Metabolic Boost  
  26  2:21  Drone x2  
  28  2:33  Drone x4  
  32  2:53  Hatchery  
  32  2:56  Overlord  
  31  3:01  Drone x3  
  33  3:06  Queen  
  33  3:11  Drone  
  36  3:22  Zergling x10  
  40  3:27  Drone  
  41  3:36  Drone x3  
  41  3:38  Overlord  
  44  3:51  Overlord  
  44  3:56  Queen  
  44  3:57  Drone  
  44  3:58  Drone x5  
  52  4:04  Extractor  
  52  4:05  Queen  
  52  4:06  Baneling Nest  
  52  4:07  Zergling x4  
  54  4:10  Zergling x2  
  54  4:16  Zergling x4  
  57  4:19  Zergling x4  
  57  4:20  Overlord  
  57  4:21  Drone  
  60  4:26  Drone x3  
  58  4:38  Drone x3  
  58  4:39  Drone x2  
  58  4:44  Drone  
  58  4:45  Lair  
  63  4:47  Spore Crawler  
  63  4:48  Extractor  
  63  4:49  Drone  
  63  4:50  Drone  
  63  4:51  Extractor  
  62  4:55  Queen  
  62  4:57  Drone  
  62  4:58  Overlord  
  65  5:06  Overlord x2  
  65  5:18  Zergling x16  
  65  5:20  Baneling x2  
  65  5:21  Baneling x2  
  71  5:31  Drone x2  
  73  5:36  Drone  
  71  5:46  Drone x8  
  70  5:51  Drone  
  70  5:53  Spire  
  70  5:55  Drone x2  
  70  5:58  Drone  
  70  6:01  Baneling  
  70  6:02  Baneling x3  
  70  6:03  Drone x3  
  74  6:05  Extractor  
  74  6:06  Extractor  
  74  6:09  Queen  
  74  6:13  Evolution Chamber  
  74  6:14  Centrifical Hooks  
  74  6:15  Drone x3, Evolution Chamber  
  74  6:16  Drone  
  74  6:17  Drone  
  77  6:19  Drone x2  
  77  6:24  Overlord  
  79  6:30  Overlord  
  79  6:34  Zergling x6  
  82  6:40  Zergling x2  
  82  6:41  Zergling x14  
  85  7:00  Overlord  
  84  7:02  Drone x3  
  84  7:03  Drone x2  
  84  7:04  Zerg Melee Weapons Level 1  
  84  7:05  Zerg Missile Weapons Level 1  
  84  7:08  Baneling x5  
  86  7:16  Mutalisk x5  
  96  7:23  Mutalisk  
  96  7:29  Drone x3  
  95  7:37  Drone x6  
  95  7:38  Drone  
  102  7:45  Roach Warren  
  101  7:58  Zergling x12  
  101  8:02  Baneling x5  
  101  8:03  Hatchery  
  105  8:08  Zergling x10  
  109  8:17  Baneling x3  
  104  8:23  Drone x3  
  107  8:34  Overlord  
  107  8:35  Glial Reconstitution  
  107  8:36  Infestation Pit  
  107  8:39  Overlord  
  107  8:40  Roach  
  107  8:41  Roach x3  
  113  8:44  Overlord  
  111  8:51  Overlord  
  111  8:55  Roach x5  
  121  8:56  Overlord x3  
  120  9:10  Zerg Missile Weapons Level 2, Zerg Melee Weapons Level 2  
  120  9:12  Drone x7  
  120  9:13  Drone  
  120  9:14  Drone  
  129  9:30  Mutalisk x4  
  129  9:32  Pathogen Glands  
  129  9:33  Hive  
  129  9:35  Extractor  
  129  9:36  Spine Crawler  
  129  9:37  Extractor, Spine Crawler  
  123  9:39  Overlord  
  123  9:43  Ravager x5  
  128  9:47  Roach x3  
  134  9:55  Nydus Network  
  133  10:03  Drone x2  
  133  10:05  Drone x8  
  136  10:11  Baneling x4  
  136  10:14  Drone x2  
  138  10:16  Drone x2, Queen  
  141  10:24  Infestor x3  
  141  10:28  Drone x3  
  141  10:29  Drone x5  
  141  10:35  Zergling x4  
  146  10:45  Drone  
  146  10:46  Greater Spire  
  147  10:54  Zergling x2  
  147  10:55  Zergling x18  
  154  11:04  Baneling x4  
  154  11:06  Zergling x10  
  154  11:10  Hatchery  
  154  11:11  Zergling x4  
  159  11:14  Nydus Canal  
  150  11:30  Corruptor x4  
  154  11:37  Drone x5  
  135  11:54  Roach x7  
  135  11:59  Zergling x2  
  135  12:00  Zergling x8  
  145  12:07  Baneling  
  145  12:08  Baneling x9  
  139  12:10  Zergling x6  
  135  12:18  Infestor x3  
  135  12:21  Drone  
  138  12:27  Drone  
  135  12:32  Brood Lord x2  
  135  12:36  Brood Lord  
  141  12:41  Brood Lord  
  141  12:43  Drone  
  138  12:51  Zergling x12  
  133  12:54  Ravager x2  
  133  12:55  Ravager x2  
  138  13:05  Drone x7  
  134  13:14  Corruptor x2  
  134  13:17  Zergling x2  
  134  13:18  Zergling x2  
  140  13:23  Corruptor  
  142  13:28  Infestor x2  
  142  13:30  Viper  
  143  13:44  Corruptor x3  
  146  13:52  Drone x3  
  146  13:53  Drone  
  146  13:56  Zerg Flyer Weapons Level 1  
  146  13:59  Drone x2  
  146  14:00  Drone  
  146  14:02  Overlord x4  
  149  14:09  Overlord  
  145  14:22  Viper x2  
  151  14:29  Brood Lord  
  151  14:31  Zergling x30  
  152  14:52  Zergling x4  
  141  14:53  Zergling x8  
  141  14:55  Brood Lord  
  141  14:56  Brood Lord  
  144  15:02  Corruptor x4  
  122  15:17  Corruptor  
  122  15:18  Corruptor x2  
  118  15:32  Corruptor x3  
  124  15:42  Roach  
  132  15:43  Roach x10  
  132  15:47  Hatchery  
  132  15:49  Roach x2  
  145  15:55  Spine Crawler  
  144  15:58  Brood Lord x2  
  144  16:06  Brood Lord  
  146  16:13  Infestor  
  140  16:18  Zergling x2  
  140  16:19  Zergling x20  
  140  16:21  Brood Lord  
  149  16:29  Drone x7  
  151  16:33  Extractor  
  151  16:34  Extractor  
  151  16:39  Baneling  
  149  16:40  Baneling  
  148  16:50  Hatchery  
  148  16:53  Infestor x2  
  151  17:00  Corruptor x3  
  155  17:05  Drone x7  
  152  17:08  Drone  
  152  17:15  Brood Lord  
  153  17:25  Ravager  
  153  17:26  Ravager  
  155  17:33  Roach x6  
  144  17:42  Roach x5  
  137  17:51  Roach x2  
  137  17:52  Roach  
  122  18:00  Roach x3  
  123  18:09  Infestor  
  123  18:11  Roach x2  
  119  18:22  Roach  
  119  18:23  Roach x2  
  117  18:32  Roach x3  
  100  18:43  Roach x3  
Show
View Real Time Build Order
Export as new Build Order

Clem Terran - Winner!

Build Orders: Liberator Opening 

Get SALT Encoding   

  12  0:01  SCV  
  13  0:13  SCV  
  14  0:17  Supply Depot  
  14  0:25  SCV  
  15  0:30  Refinery  
  15  0:38  SCV  
  16  0:44  Barracks  
  16  0:50  SCV  
  17  1:02  SCV  
  18  1:15  SCV  
  20  1:32  Orbital Command, Reaper  
  20  1:43  Command Center  
  20  1:55  Factory  
  20  2:00  SCV  
  21  2:07  Barracks Reactor  
  21  2:12  SCV  
  21  2:14  Supply Depot  
  22  2:17  Refinery  
  22  2:24  SCV  
  23  2:36  SCV  
  24  2:42  Starport  
  24  2:48  SCV  
  24  2:49  Hellion x2  
  29  2:52  Barracks Tech Lab  
  29  2:59  Orbital Command  
  29  3:01  SCV  
  30  3:11  Hellion  
  32  3:15  Hellion  
  32  3:16  SCV  
  32  3:18  Liberator  
  35  3:26  SCV  
  36  3:31  SCV  
  36  3:32  Supply Depot  
  37  3:38  SCV  
  41  3:45  Hellion x2  
  44  3:49  SCV  
  44  3:51  SCV  
  44  3:52  Barracks Tech Lab  
  46  3:57  Supply Depot  
  46  4:01  SCV  
  47  4:03  SCV  
  47  4:07  Hellion x2  
  47  4:08  Supply Depot  
  52  4:14  Marine  
  52  4:15  SCV  
  52  4:17  Liberator  
  54  4:18  SCV  
  55  4:31  Marine, SCV  
  55  4:33  Hellion x2  
  55  4:37  SCV  
  63  4:41  Armory  
  57  4:49  Marine, Bunker, SCV x2  
  60  4:58  Hellion x2  
  60  4:59  Liberator  
  64  5:01  SCV  
  65  5:08  Command Center  
  65  5:13  SCV x2  
  70  5:24  Supply Depot  
  70  5:26  Refinery  
  70  5:27  Refinery  
  70  5:29  Supply Depot  
  70  5:42  SCV x2  
  70  5:45  Hellion x2  
  70  5:49  Factory  
  59  5:51  Factory  
  59  5:54  SCV x2  
  59  6:03  Terran Vehicle And Ship Armor Level 1  
  59  6:06  Hellion x2  
  59  6:07  Starport Reactor  
  59  6:09  SCV x2  
  65  6:14  Factory  
  65  6:15  Factory  
  65  6:20  Orbital Command  
  65  6:21  SCV  
  65  6:23  SCV  
  67  6:27  Hellion  
  67  6:28  Hellion  
  71  6:33  SCV, Mag-Field Accelerator  
  71  6:34  Cyclone  
  71  6:35  SCV  
  71  6:36  Barracks Tech Lab  
  71  6:37  Orbital Command  
  76  6:44  Refinery, Cyclone  
  76  6:46  SCV  
  80  6:47  Refinery, SCV  
  81  6:54  Widow Mine x2  
  81  6:58  SCV  
  81  7:00  SCV  
  87  7:08  Cyclone  
  87  7:11  Starport Reactor, SCV x2  
  92  7:16  SCV  
  92  7:18  Widow Mine  
  92  7:19  Cyclone x2, Supply Depot  
  92  7:22  Supply Depot  
  101  7:33  Engineering Bay  
  101  7:34  SCV x2  
  101  7:35  Hellion  
  101  7:36  SCV  
  101  7:37  Hellion  
  101  7:41  Hellion  
  101  7:43  Drilling Claws, Cyclone  
  105  7:49  SCV  
  106  7:52  SCV x2  
  106  7:56  Cyclone  
  111  8:02  Supply Depot  
  111  8:06  Supply Depot  
  111  8:08  Cyclone  
  111  8:09  SCV  
  111  8:10  SCV  
  116  8:13  SCV  
  116  8:17  Hellion  
  117  8:21  Terran Vehicle And Ship Armor Level 2  
  117  8:24  Hellion  
  119  8:29  Factory Tech Lab  
  119  8:30  SCV  
  120  8:35  Supply Depot x2  
  120  8:38  Hellion, Supply Depot  
  120  8:39  Hellion  
  120  8:40  SCV x2  
  124  8:43  Supply Depot  
  124  8:45  Supply Depot  
  124  8:51  Missile Turret  
  124  8:52  Missile Turret  
  124  8:55  Missile Turret  
  124  8:59  SCV, Cyclone  
  128  9:03  Widow Mine x2  
  128  9:06  Cyclone  
  128  9:07  SCV  
  136  9:12  Hellion x2  
  140  9:20  Command Center  
  140  9:29  Liberator  
  140  9:30  Cyclone, Hellion x2  
  147  9:31  Factory Tech Lab  
  147  9:33  Infernal Pre-Igniter  
  147  9:34  Liberator  
  147  9:38  Cyclone, Hellion x2  
  151  9:42  Supply Depot  
  151  9:44  Supply Depot  
  154  9:49  Armory  
  160  9:53  Widow Mine x2  
  164  10:04  Hellion x2, Cyclone  
  164  10:05  Cyclone  
  174  10:12  Liberator  
  174  10:13  Hellion  
  174  10:14  Hellion x2  
  174  10:16  Liberator  
  178  10:25  Hellion  
  178  10:31  Hellion  
  178  10:34  Cyclone  
  181  10:47  Terran Vehicle Weapons Level 1  
  185  10:50  Hellion x2  
  185  10:53  Cyclone  
  185  10:55  Liberator, Hellion  
  188  10:58  Widow Mine  
  188  10:59  Liberator  
  188  11:02  Planetary Fortress  
  188  11:05  SCV  
  188  11:06  SCV  
  188  11:07  SCV  
  190  11:13  Missile Turret  
  196  11:24  SCV x2  
  195  11:30  SCV  
  196  11:37  Liberator  
  196  11:39  Supply Depot  
  196  11:42  Cyclone  
  196  11:45  Liberator  
  196  11:47  Hellion  
  196  11:48  SCV, Hellion  
  196  11:49  Cyclone x2, Hellion x2  
  172  12:09  Hellion  
  172  12:10  Hellion x2  
  172  12:11  Refinery  
  172  12:12  Refinery  
  172  12:14  Hellion  
  172  12:15  Cyclone  
  175  12:20  Liberator  
  175  12:21  Cyclone x2  
  179  12:28  Factory x2  
  174  12:30  Smart Servos  
  174  12:31  Factory  
  174  12:33  Hellion x2  
  178  12:40  Command Center  
  178  12:42  Liberator, Hellion x2  
  180  12:44  Terran Ship Weapons Level 1  
  180  12:50  Cyclone  
  178  12:53  Cyclone  
  178  12:58  Cyclone, Hellion x2  
  185  13:03  Hellion  
  166  13:06  Hellion  
  165  13:16  Factory Tech Lab x3  
  165  13:21  Hellion x2  
  165  13:22  Cyclone  
  172  13:30  Cyclone x2  
  172  13:32  Hellion x2  
  172  13:33  Liberator x2  
  184  13:34  Hellion  
  184  13:37  Cyclone x2  
  181  13:45  Hellion  
  180  13:52  Hellion  
  180  13:54  Cyclone  
  188  13:55  Cyclone  
  188  13:57  Hellion  
  193  14:07  Cyclone x2  
  199  14:15  Cyclone  
  198  14:18  Hellion  
  195  14:26  Hellion x2  
  195  14:28  Cyclone  
  198  14:34  Hellion  
  198  14:35  Liberator  
  198  14:43  Cyclone  
  198  14:45  Cyclone x2  
  198  14:47  Hellion x2  
  198  14:51  Cyclone, Hellion x2  
  187  14:59  Terran Vehicle Weapons Level 2  
  183  15:02  Terran Vehicle And Ship Armor Level 3, Planetary Fortress  
  176  15:11  Hellion x4  
  159  15:15  Cyclone  
  159  15:17  Hellion x2  
  159  15:19  Cyclone  
  164  15:27  Cyclone  
  164  15:28  Cyclone  
  163  15:34  Hellion x2  
  161  15:37  Cyclone  
  161  15:38  Cyclone  
  155  15:50  Cyclone, Hellion x2  
  162  15:58  Cyclone  
  162  16:00  Cyclone  
  163  16:06  Cyclone  
  163  16:09  Cyclone  
  163  16:10  Cyclone  
  163  16:22  Cyclone, Hellion x4  
  174  16:30  Cyclone  
  174  16:32  Cyclone  
  172  16:38  Cyclone  
  175  16:41  Thor  
  175  16:44  Thor  
  176  16:54  Thor  
  180  17:01  Hellion x2  
  180  17:02  Hellion x2  
  180  17:06  Thor  
  192  17:16  Command Center  
  192  17:19  Thor  
  198  17:27  Liberator  
  198  17:28  Liberator  
  192  17:33  Hellion x4  
  188  17:39  Cyclone  
  180  17:45  Cyclone x2  
  174  17:54  Hellion x2  
  174  17:55  Hellion x2  
  172  17:59  Cyclone  
  175  18:05  Hellion  
  175  18:06  Hellion  
  175  18:11  Cyclone  
  170  18:16  Hellion x2  
  174  18:22  Hellion x2  
  174  18:23  Cyclone  
  181  18:31  Cyclone  
  187  18:35  Hellion  
  187  18:37  Hellion  
  187  18:41  Hellion x2  
Tags
 
Add a new tag
Caveats
  • Supply blocks, unpowered buildings, or Contaminate may cause inaccurate times.
  • Supply counts are checked every 10 seconds.